 Dungeon Crawl Stone Soup version 0.30-b1-2-g02819fbbbe (webtiles) character file.

Game seed: 10876488334841884315

106 raph the Grave Robber (level 4, -2/24 (25) HPs)
             Began as a Deep Elf Necromancer on Dec 6, 2023.
             Slain by a gnoll
             ... wielding a +0 flail
             ... led by a gnoll bouda
              (5 damage)
             ... on level 4 of the Dungeon.
             The game lasted 00:04:31 (2794 turns).

raph the Grave Robber (Deep Elf Necromancer)        Turns: 2794, Time: 00:04:32

HP:   -2/24 (25)    AC:  5    Str:  5    XL:     4   Next: 55%
MP:   3/11          EV: 13    Int: 22    God:
Gold: 148           SH:  0    Dex: 15    Spells: 2/10 levels left

rFire   . . .        f - +0 short sword
rCold   . . .        (no shield)
rNeg    . . .        a - +0 robe
rPois   .            (no helmet)
rElec   .            n - +0 cloak
rCorr   .            h - +0 pair of gloves
SInv    .            k - +0 pair of boots
Will    .....        (no amulet)
Stlth   ++           (no ring)
HPRegen 0.24/turn    (no ring)
MPRegen 0.12/turn

%: no passive effects
@: about to teleport, animating dead, lightly drained
A: no striking features
a: no special abilities


You were on level 4 of the Dungeon.
You visited 1 branch of the dungeon, and saw 4 of its levels.

You collected 148 gold pieces.

Inventory:

Hand Weapons
 f - a +0 short sword (weapon)
 m - a +3 quarterstaff of chaos
Armour
 a - a +0 robe (worn)
 h - a +0 pair of gloves (worn)
 k - a +0 pair of boots (worn)
 n - a +0 cloak (worn)
Scrolls
 c - a scroll of blinking {unknown}
 e - 2 scrolls of teleportation
 l - a scroll of acquirement {unknown}
Potions
 b - 3 potions of magic
 d - 2 potions of attraction {unknown}
 g - 2 potions of curing
 i - a potion of haste
 j - a potion of mutation
 o - a potion of degeneration {unknown}


   Skills:
 + Level 1.1 Fighting
 + Level 3.3 Dodging
 + Level 3.4 Stealth
 + Level 3.7 Spellcasting
 * Level 5.6 Necromancy


You had 2 spell levels left.
You knew the following spells:

 Your Spells              Type           Power      Damage    Failure   Level
a - Necrotise             Necr           100%       1d9       1%          1
b - Vampiric Draining     Necr           29%        2d8       3%          3
c - Animate Dead          Necr           29%        N/A       11%         4

Your spell library contained the following spells:

 Spells                   Type           Power      Damage    Failure   Level
 Agony                    Necr           29%        N/A       30%         5


Dungeon Overview and Level Annotations

Branches:
Dungeon (4/15)
 Temple: D:4-7

Altars:
Xom

Shops:
D:2 *


Message History

Press: ? - help, Q - select action Shift-Dir - straight line, f/p - gnoll
Aim: a gnoll, wielding a +0 flail (lightly wounded, chance to affect: 88%)
The gnoll writhes in agony.
The kobold brigand shouts!
The gnoll bouda barks out a call to the hunt!
The gnolls pick up the pace!
A kobold comes into view.
You hear a shout!
Aiming: Necrotise (safe; 1% risk of failure)
Press: ? - help, Q - select action Shift-Dir - straight line, f/p - gnoll
Aim: a gnoll, wielding a +0 flail (lightly wounded, covering ground quickly, chance to affect: 88%)
The gnoll writhes in agony.
A gnoll comes into view. It is wielding a +0 whip.
The gnoll hits you with a +0 club.
There is an open door here.
The gnoll barely misses you.
Aiming: Necrotise (safe; 1% risk of failure)
Press: ? - help, Q - select action Shift-Dir - straight line, f/p - gnoll
Aim: a gnoll, wielding a +0 flail (moderately wounded, covering ground quickly, chance to affect: 88%)
The gnoll barely resists.
The gnoll hits you with a +0 flail. The gnoll attacks as you move away!
The gnoll hits you but does no damage.
Aiming: Necrotise (safe; 1% risk of failure)
Press: ? - help, Q - select action Shift-Dir - straight line, f/p - gnoll
Aim: a gnoll, wielding a +0 flail (moderately wounded, covering ground quickly, chance to affect: 88%)
The gnoll writhes in agony.
The gnoll closely misses you. x3
The gnoll attacks as you move away! The gnoll barely misses you. x2
The gnoll hits you with a +0 flail. The gnoll closely misses you.
There is a large open door, spattered with blood here.
The gnoll attacks as you move away! The gnoll misses you.
The gnoll attacks as you move away! The gnoll hits you with a +0 club.
* * * LOW HITPOINT WARNING * * *
The gnoll is no longer moving quickly.
As you read the scroll of teleportation, it crumbles to dust.
You feel strangely unstable.
The gnoll is no longer moving quickly.
The gnoll hits you with a +0 club.
* * * LOW HITPOINT WARNING * * *
The gnoll attacks as you move away! The gnoll hits you with a +0 flail.
You die...

##.......##............(..
##.#..####.......##......
#..#.####.....#.###.....
.........................
..............(...........
.~~~.~~~~...~~)()....~~.~~
~~~~~~~~~~≈≈~~).)).~~~~~~~
~≈≈≈≈≈≈≈≈≈~≈≈~...[.~~~≈≈≈
≈≈≈≈≈≈≈≈≈≈≈≈≈~~.@g..~≈≈≈≈
##########gg####### .
#gg..# |. #g...#
...#########K...##
........[.#......#
....K.....'......+
....g...g.#......#
...#########....##


You could see a kobold brigand, a gnoll bouda and 5 gnolls.

Vanquished Creatures
  Crazy Yiuf (D:3)
  A gnoll (D:4)
  An adder (D:2)
  2 worms
  A dart slug (D:2)
  2 orcs
  3 bats
  4 endoplasms
  3 goblins
  5 hobgoblins
  12 kobolds
  A quokka (D:2)
  6 ball pythons
  A frilled lizard (D:2)
  3 rats
46 creatures vanquished.

Vanquished Creatures (collateral kills)
  A quokka (D:1)
  A rat (D:1)
2 creatures vanquished.

Grand Total: 48 creatures vanquished

Notes
Turn   | Place    | Note
-------+----------+-------------------------------------------
     0 | D:1      | raph the Deep Elf Necromancer began the quest for the Orb.
     0 | D:1      | Reached XP level 1. HP: 10/10 MP: 6/6
   153 | D:1      | Reached skill level 5 in Necromancy
   229 | D:1      | Reached XP level 2. HP: 15/15 MP: 5/8
   447 | D:1      | Found a faded altar of an unknown god.
   912 | D:2      | Reached XP level 3. HP: 20/20 MP: 5/9
   916 | D:2      | Learned a level 3 spell: Vampiric Draining
  1142 | D:2      | Found Ihu Nini's Assorted Antiques.
  1423 | D:2      | Found a shimmering altar of Xom.
  1804 | D:3      | Found a runed translucent door.
  1805 | D:3      | Noticed Crazy Yiuf
  1812 | D:3      | Killed Crazy Yiuf
  1813 | D:3      | Reached skill level 1 in Fighting
  1813 | D:3      | Reached XP level 4. HP: 8/25 MP: 1/11
  1951 | D:3      | Identified the +8 trident "Hydra's Undoing" {antimagic,
                  | Int+2}
  2162 | D:3      | Identified the +1 leather armour "Nafoh" {Rampage rPois
                  | Int+3 Stlth-}
  2544 | D:4      | Learned a level 4 spell: Animate Dead
  2777 | D:4      | Noticed a kobold brigand
  2779 | D:4      | Noticed a kobold brigand
  2794 | D:4      | Slain by a gnoll

Illustrated notes

Levels and vault maps discovered:
D:1:      amcnicky_arrival_choice, layout_loops_cross,
          dilly_ecumenical_altar_fadedgnrine, grunt_decor_junction
D:2:      layout_loops_ring, basic_altar, serial_shops, shop
D:3:      layout_basic, uniq_crazy_yiuf_cottage
D:4:      minmay_goblin_kobold_castle, layout_rooms,
          worldfamousw_hep_ancestral_shrine, minmay_temple_entry_statues_pillars

Skill      XL: |  1  2  3 |
---------------+----------+-----
Necromancy     | 5 |  5.6
Stealth        | 3 |  3.4
Dodging        | 3 |  3.3
Fighting       | 1 |  1.1
Spellcasting   | |  3.7

Action                     |  1- 3 |  4- 6 || total
---------------------------+-------+-------++-------
  Melee: Short sword       |     3 |     1 ||     4
   Cast: Necrotise         |    54 |    27 ||    81
         Vampiric Draining |     3 |       ||     3
         Animate Dead      |       |     1 ||     1
    Use: Scroll            |     7 |     1 ||     8
   Stab: Sleeping          |       |     1 ||     1
 Armour: Robe              |     3 |     3 ||     6
  Dodge: Dodged            |    12 |    11 ||    23
